[Event "World Prestigious University 2019"]
[Site "Tianjin"]
[Date "2019.11.28"]
[Round "9.3"]
[White "Papanek, Ella"]
[Black "Zhou, Qiyu"]
[Result "0-1"]
[WhiteElo "1777"]
[BlackElo "2216"]
[PlyCount "93"]
[EventDate "2019.11.26"]
[EventType "team-tourn"]
[EventCountry "CHN"]
[TimeControl "1500+10"]
[WhiteClock "0:00:35"]
[BlackClock "0:00:21"]

1. d4 Nf6 2. c4 e6 3. Nc3 Bb4 4. f3 d5 5. cxd5 exd5 6. Bg5 O-O 7. e3 h6 8. Bh4 c5 9. a3 Bxc3+ 10. bxc3 Re8 11. Qd2 c4 12. Ne2 Qe7 13. Bf2 Nc6 14. Nc1 Bf5 15. Be2 Na5 16. Bd1 Rac8 17. O-O Red8 18. Re1 Rc6 19. Bg3 Rdc8 20. Be5 Nb3 21. Nxb3 cxb3 22. Bxf6 Qxf6 23. e4 Be6 24. e5 Qg6 25. Re3 Rb6 26. Qb2 Qg5 27. Kf2 Qh4+ 28. Kg1 Qg5 29. Kf2 Qh4+ 30. Kg1 Rbc6 31. g3 Qg5 32. f4 Qg6 33. Bxb3 Rb6 34. Qa2 a5 35. a4 Rbc6 36. Rc1 Rd8 37. Kg2 Qg4 38. Bd1 Qh3+ 39. Kg1 Bf5 40. Bf3 Rb6 41. Bg2 Qh5 42. Rce1 Be6 43. Qc2 Rc8 44. Rb1 Bf5 45. Qxf5 Qxf5 46. Rxb6 Qc2 47. Bxd5 0-1

[Event "World Prestigious University 2019"]
[Site "Tianjin"]
[Date "2019.11.28"]
[Round "9.4"]
[White "Weichao, Chu"]
[Black "Theodorou, Nikolas"]
[Result "1/2-1/2"]
[WhiteElo "2423"]
[BlackElo "2555"]
[PlyCount "122"]
[EventDate "2019.11.26"]
[EventType "team-tourn"]
[EventCountry "CHN"]
[TimeControl "1500+10"]
[WhiteClock "0:01:10"]
[BlackClock "0:01:47"]

1. d4 Nf6 2. c4 g6 3. Nc3 Bg7 4. e4 d6 5. Nf3 O-O 6. Be2 e5 7. O-O Na6 8. Be3 Qe7 9. dxe5 dxe5 10. Nd5 Qd8 11. Qc2 Ng4 12. Bg5 f6 13. Bd2 c6 14. Nc3 Nc5 15. h3 Nh6 16. Na4 Nxa4 17. Qxa4 Qe7 18. c5 Be6 19. Bc4 Nf7 20. Rfd1 Rfe8 21. Be3 Bf8 22. Nd2 f5 23. Bxe6 Qxe6 24. f3 Rad8 25. Qb3 Qxb3 26. Nxb3 fxe4 27. fxe4 Bh6 28. Bxh6 Nxh6 29. Na5 Rd4 30. Nxb7 Rb8 31. Rxd4 exd4 32. Na5 Rxb2 33. Nxc6 d3 34. Rd1 d2 35. Nd4 Kf7 36. a3 Ke8 37. Kf2 Nf7 38. Ke2 Ng5 39. Kd3 Ra2 40. Nb5 a6 41. Nd6+ Kd7 42. Rxd2 Rxa3+ 43. Kd4 Kc6 44. Ke5 Rxh3 45. Kf6 Rg3 46. e5 Kxc5 47. e6 Re3 48. e7 h6 49. Kxg6 Re6+ 50. Kh5 Rxe7 51. Kxh6 Ne4 52. Nxe4+ Rxe4 53. Kh5 a5 54. g4 a4 55. g5 a3 56. g6 Re7 57. Kh6 Kb4 58. g7 Rxg7 59. Kxg7 Kb3 60. Rd3+ Kb2 61. Rxa3 Kxa3 1/2-1/2

[Event "World Prestigious University 2019"]
[Site "Tianjin"]
[Date "2019.11.28"]
[Round "9.5"]
[White "Chandra, Akshat"]
[Black "Wei, Siyu"]
[Result "1-0"]
[WhiteElo "2524"]
[BlackElo "2106"]
[PlyCount "101"]
[EventDate "2019.11.26"]
[EventType "team-tourn"]
[EventCountry "CHN"]
[TimeControl "1500+10"]
[WhiteClock "0:00:26"]
[BlackClock "0:03:32"]

1. d4 d5 2. c4 c6 3. cxd5 cxd5 4. Bf4 Nc6 5. e3 Nf6 6. Nc3 e6 7. Bd3 Bd6 8. Bxd6 Qxd6 9. f4 O-O 10. Nf3 a6 11. O-O b5 12. Ne5 Bb7 13. Rc1 Rac8 14. Qe1 Ne7 15. Bb1 Ne4 16. Nd3 Nxc3 17. Rxc3 Rxc3 18. Qxc3 Rc8 19. Nc5 Qb6 20. b4 Rc7 21. g4 Nc8 22. Qc2 g6 23. f5 exf5 24. gxf5 Nd6 25. fxg6 fxg6 26. Rf6 Rf7 27. Qf2 Qc7 28. Qf4 Rxf6 29. Qxf6 Bc8 30. Qe5 Qc6 31. Bd3 Nf7 32. Qe7 Qd6 33. Qh4 Qd8 34. Qg3 Qd6 35. Bf1 Qxg3+ 36. hxg3 Ng5 37. Bg2 Ne4 38. Nxe4 dxe4 39. Bxe4 Kf7 40. Bd5+ Ke7 41. e4 Kd6 42. Kf2 g5 43. Bf7 Ke7 44. Bh5 Kd6 45. Ke3 Bh3 46. e5+ Kd7 47. d5 Bf1 48. a3 Bc4 49. Bg4+ Kc7 50. Kd4 Ba2 51. Kc5 1-0

[Event "World Prestigious University 2019"]
[Site "Tianjin"]
[Date "2019.11.28"]
[Round "9.6"]
[White "Lu, Hongyi"]
[Black "Derakhshani, Dorsa"]
[Result "1-0"]
[WhiteElo "1862"]
[BlackElo "2277"]
[PlyCount "77"]
[EventDate "2019.11.26"]
[EventType "team-tourn"]
[EventCountry "CHN"]
[TimeControl "1500+10"]
[WhiteClock "0:00:11"]
[BlackClock "0:00:33"]

1. e4 e5 2. Nf3 Nc6 3. Bb5 g6 4. O-O Bg7 5. c3 d6 6. h3 a6 7. Ba4 Nge7 8. d4 O-O 9. Re1 h6 10. Be3 Kh7 11. Nbd2 f5 12. exf5 gxf5 13. dxe5 dxe5 14. Bc5 e4 15. Bxc6 bxc6 16. Nd4 Rf6 17. Nf1 Ng6 18. Ng3 Ne5 19. Nh5 Rf7 20. Nf4 Qg5 21. g3 Bd7 22. Kh1 Re8 23. Qe2 Ng6 24. Qe3 Be5 25. Nde2 h5 26. Nxg6 Qxg6 27. Nf4 Qg5 28. Rg1 h4 29. Qe2 hxg3 30. Rxg3 Qh6 31. Be3 c5 32. Rag1 Bb5 33. c4 Bc6 34. b3 Bd4 35. Rg6 Qh4 36. Rxc6 Rg8 37. Rxg8 Kxg8 38. Qh5 Qxh5 39. Nxh5 1-0

[Event "World Prestigious University 2019"]
[Site "Tianjin"]
[Date "2019.11.28"]
[Round "9.7"]
[White "Kukhmazov, Arsen"]
[Black "Fernandez, Daniel Howard"]
[Result "1-0"]
[WhiteElo "2377"]
[BlackElo "2444"]
[PlyCount "77"]
[EventDate "2019.11.26"]
[EventType "team-tourn"]
[EventCountry "CHN"]
[TimeControl "1500+10"]
[WhiteClock "0:00:14"]
[BlackClock "0:21:35"]

1. d4 Nf6 2. c4 g6 3. g3 Bg7 4. Bg2 O-O 5. Nc3 d6 6. Nf3 Nbd7 7. O-O e5 8. h3 c6 9. e4 Nh5 10. Re1 Qe8 11. dxe5 dxe5 12. b3 Nc5 13. Ba3 Qe7 14. Na4 b6 15. Nxc5 bxc5 16. Qd2 Rd8 17. Qa5 Be6 18. Bxc5 Qd7 19. Ng5 Nf6 20. Nxe6 Qxe6 21. Rad1 Rd7 22. h4 Bf8 23. Rxd7 Nxd7 24. Be3 Qd6 25. Bf3 c5 26. Rd1 Qc6 27. Qb5 Qxb5 28. cxb5 Nf6 29. g4 Rb8 30. a4 Be7 31. g5 Ne8 32. Rd7 Bd6 33. Rxa7 Nc7 34. Bg4 Rd8 35. b6 Ne8 36. a5 Bb8 37. Ra8 Nd6 38. a6 Nxe4 39. a7 1-0

[Event "World Prestigious University 2019"]
[Site "Tianjin"]
[Date "2019.11.28"]
[Round "9.8"]
[White "Behar, Joshua"]
[Black "Tarasov, Alexandr"]
[Result "0-1"]
[WhiteElo "1974"]
[BlackElo "2348"]
[PlyCount "60"]
[EventDate "2019.11.26"]
[EventType "team-tourn"]
[EventCountry "CHN"]
[TimeControl "1500+10"]
[WhiteClock "0:00:47"]
[BlackClock "0:08:16"]

1. e4 c6 2. Nf3 d5 3. e5 c5 4. c3 Nc6 5. d4 cxd4 6. cxd4 Bg4 7. Be3 Qb6 8. Nbd2 e6 9. Be2 Nge7 10. O-O Nf5 11. h3 Bh5 12. Rc1 Be7 13. Nb3 O-O 14. Nc5 Nxe3 15. fxe3 Bxc5 16. Rxc5 Qxb2 17. Rb5 Qa3 18. Bd3 Bxf3 19. Rxf3 Rac8 20. Rg3 g6 21. Rb3 Qxa2 22. h4 Na5 23. Rb1 Rc7 24. h5 Rfc8 25. Qf1 Qxb1 26. Bxb1 Rc1 27. Rf3 Rxf1+ 28. Rxf1 gxh5 29. Kh2 Nc4 30. Rf3 Nd2 0-1

[Event "World Prestigious University 2019"]
[Site "Tianjin"]
[Date "2019.11.28"]
[Round "9.10"]
[White "Green, Michael L"]
[Black "Grigory, Oparin"]
[Result "0-1"]
[WhiteElo "2073"]
[BlackElo "2660"]
[PlyCount "52"]
[EventDate "2019.11.26"]
[EventType "team-tourn"]
[EventCountry "CHN"]
[TimeControl "1500+10"]
[WhiteClock "0:13:04"]
[BlackClock "0:09:47"]

1. Nf3 f5 2. d4 Nf6 3. h3 d6 4. g4 fxg4 5. hxg4 Bxg4 6. Qd3 Qd7 7. e4 Nc6 8. Ng5 d5 9. e5 Bf5 10. Qe3 Ne4 11. e6 Bxe6 12. Nxe6 Qxe6 13. Bh3 Qf6 14. c3 e5 15. f3 Qh4+ 16. Kd1 Nf2+ 17. Kc2 Nxh1 18. Be6 exd4 19. Qe2 Qf2 20. Qxf2 Nxf2 21. Bf4 Bd6 22. Bg5 h6 23. Bh4 d3+ 24. Kc1 Bf4+ 25. Nd2 Ne5 26. Bxd5 c6 0-1

[Event "World Prestigious University 2019"]
[Site "Tianjin"]
[Date "2019.11.28"]
[Round "9.11"]
[White "Dmitry, Gordievskiy"]
[Black "Zhong, Wei"]
[Result "1-0"]
[WhiteElo "2590"]
[BlackElo "1804"]
[PlyCount "49"]
[EventDate "2019.11.26"]
[EventType "team-tourn"]
[EventCountry "CHN"]
[TimeControl "1500+10"]
[WhiteClock "0:00:26"]
[BlackClock "0:08:46"]

1. Nf3 d5 2. e3 Nf6 3. c4 c6 4. Nc3 e6 5. b3 Nbd7 6. Bb2 Bd6 7. Qc2 O-O 8. h3 Re8 9. g4 dxc4 10. bxc4 e5 11. g5 Nh5 12. Ne4 Bf8 13. Be2 f5 14. gxf6 Nhxf6 15. Bd3 g6 16. Rg1 Nh5 17. Neg5 Ndf6 18. Nxe5 Rxe5 19. Bxe5 Bg7 20. Nxh7 Nxh7 21. Bxg6 N5f6 22. Bxh7+ Kf8 23. Rxg7 Kxg7 24. Qg6+ Kf8 25. Bxf6 1-0

[Event "World Prestigious University 2019"]
[Site "Tianjin"]
[Date "2019.11.28"]
[Round "9.12"]
[White "Serbanescu, Diana-Maria"]
[Black "Wang, Nancy"]
[Result "1-0"]
[WhiteElo "1990"]
[BlackElo "1823"]
[PlyCount "147"]
[EventDate "2019.11.26"]
[EventType "team-tourn"]
[EventCountry "CHN"]
[TimeControl "1500+10"]
[WhiteClock "0:01:43"]
[BlackClock "0:01:23"]

1. e4 c5 2. c3 g6 3. g3 Bg7 4. Bg2 Nc6 5. d3 d6 6. Ne2 e5 7. O-O Nge7 8. Be3 O-O 9. Qd2 b5 10. Na3 Rb8 11. b4 cxb4 12. cxb4 Nd4 13. Nxd4 exd4 14. Bh6 Be6 15. Bxg7 Kxg7 16. Nc2 Qb6 17. f4 f5 18. Qf2 fxe4 19. Qxd4+ Kg8 20. Qxb6 Rxb6 21. dxe4 Rc8 22. Nd4 Bc4 23. Rfd1 Kf7 24. Rd2 Ra6 25. a3 Rd8 26. Kf2 Nc6 27. Nxc6 Rxc6 28. e5 d5 29. Rad1 Ke6 30. Bh3+ Ke7 31. Bg2 Ke6 32. Ke3 Ra6 33. Ra1 h6 34. Kd4 Ke7 35. g4 Rf8 36. Ke3 Ke6 37. h4 Rg8 38. Kd4 Rg7 39. Bh3 Ke7 40. Rg2 g5 41. f5 Rg8 42. h5 Rc8 43. Rd2 Rac6 44. Rc1 a5 45. Bg2 axb4 46. axb4 Rd8 47. Ra1 Bb3 48. Bf1 Ba4 49. Be2 Rd7 50. Rxa4 bxa4 51. Bb5 Rb6 52. Bxd7 Kxd7 53. Kc5 Rc6+ 54. Kb5 Rc8 55. Rxd5+ Ke7 56. Kxa4 Rc4 57. Kb5 Rxg4 58. Kc5 Rg1 59. b5 Rc1+ 60. Kb6 g4 61. Rd4 Rf1 62. Kc7 Rc1+ 63. Kb6 Rf1 64. Kc6 Rc1+ 65. Kd5 Rb1 66. f6+ Kf7 67. Rxg4 Rxb5+ 68. Kd6 Rb6+ 69. Kc5 Re6 70. Rg7+ Kf8 71. Kd5 Ra6 72. Rh7 Ra5+ 73. Ke6 Ra6+ 74. Kf5 1-0

[Event "World Prestigious University 2019"]
[Site "Tianjin"]
[Date "2019.11.28"]
[Round "9.13"]
[White "Wang, Yue"]
[Black "Daniel, Karim Abbas"]
[Result "1-0"]
[WhiteElo "2674"]
[BlackElo "2251"]
[PlyCount "111"]
[EventDate "2019.11.26"]
[EventType "team-tourn"]
[EventCountry "CHN"]
[TimeControl "1500+10"]
[WhiteClock "0:00:32"]
[BlackClock "0:00:57"]

1. e4 c5 2. Nf3 e6 3. d4 cxd4 4. Nxd4 Nc6 5. Nc3 Qc7 6. Be3 a6 7. Qf3 Ne5 8. Qg3 Nf6 9. O-O-O h5 10. Nf3 d6 11. Nxe5 dxe5 12. f3 h4 13. Qf2 Nd7 14. Be2 Bc5 15. Kb1 Bxe3 16. Qxe3 Nb6 17. Rd2 Bd7 18. Qg5 Kf8 19. Rhd1 f6 20. Qe3 Kf7 21. b3 Rhd8 22. a4 Bc6 23. Na2 Be8 24. g3 hxg3 25. hxg3 Rxd2 26. Qxd2 Rc8 27. a5 Nd7 28. Bc4 Nf8 29. Qb4 Bb5 30. Rd3 Bxc4 31. Rc3 Qd7 32. Rxc4 Rxc4 33. Qxc4 Qd1+ 34. Kb2 Qd4+ 35. Qc3 Ke7 36. Ka3 Kd6 37. Qe1 Nd7 38. Nb4 Qc5 39. Kb2 Qxa5 40. Qd2+ Kc5 41. Nxa6+ Kb6 42. Qxd7 Kxa6 43. Qxe6+ Ka7 44. Qd7 Qc5 45. g4 Qe3 46. Qd3 Qf2 47. b4 Qe1 48. Kb3 Qb1+ 49. Kc4 Qa2+ 50. Qb3 Qa1 51. Kd5 b5 52. Ke6 Qa6+ 53. Kf7 Qb7+ 54. Kg6 Kb6 55. Qe6+ Ka7 56. Qf7 1-0

[Event "World Prestigious University 2019"]
[Site "Tianjin"]
[Date "2019.11.28"]
[Round "9.14"]
[White "Mihov, Filip"]
[Black "Li, Yankai"]
[Result "0-1"]
[WhiteElo "2191"]
[BlackElo "2432"]
[PlyCount "74"]
[EventDate "2019.11.26"]
[EventType "team-tourn"]
[EventCountry "CHN"]
[TimeControl "1500+10"]
[WhiteClock "0:10:19"]
[BlackClock "0:00:18"]

1. c4 c5 2. g3 Nc6 3. Bg2 g6 4. Nc3 Bg7 5. a3 d6 6. Rb1 a5 7. d3 e5 8. e3 Nge7 9. Nge2 O-O 10. O-O Be6 11. Nd5 Rb8 12. Bd2 Qd7 13. b4 axb4 14. axb4 cxb4 15. Nxb4 d5 16. cxd5 Nxd5 17. Nxc6 Qxc6 18. Rb2 Qd7 19. Qb1 b5 20. Nc3 e4 21. d4 Nxc3 22. Bxc3 Bc4 23. Rc1 Bd3 24. Qa2 Rfc8 25. Qb3 Bf8 26. Bf1 b4 27. Bd2 Rxc1 28. Bxc1 Bxf1 29. Kxf1 Ra8 30. Rb1 Qb5+ 31. Kg2 Qe2 32. Bb2 Rc8 33. Rc1 Rxc1 34. Bxc1 Qd3 35. Qxd3 exd3 36. e4 b3 37. Kf3 d2 0-1

[Event "World Prestigious University 2019"]
[Site "Tianjin"]
[Date "2019.11.28"]
[Round "9.16"]
[White "Bibby, Simon"]
[Black "Li, Ethan"]
[Result "0-1"]
[WhiteElo "2167"]
[BlackElo "2209"]
[PlyCount "101"]
[EventDate "2019.11.26"]
[EventType "team-tourn"]
[EventCountry "CHN"]
[TimeControl "1500+10"]
[WhiteClock "0:01:47"]
[BlackClock "0:00:31"]

1. e4 c5 2. Nf3 d6 3. Bb5+ Bd7 4. Bxd7+ Qxd7 5. O-O Nf6 6. Re1 Nc6 7. c3 e6 8. d4 cxd4 9. cxd4 d5 10. e5 Ne4 11. a3 Be7 12. Nbd2 Nxd2 13. Bxd2 b5 14. Rc1 O-O 15. Rc3 b4 16. Rd3 bxa3 17. bxa3 Rfc8 18. Ng5 h6 19. Nxf7 Kxf7 20. Qh5+ g6 21. Qxh6 Qb7 22. Rf3+ Ke8 23. Qxg6+ Kd7 24. Rf7 Rg8 25. Qd3 Rab8 26. Rc1 Qb3 27. Qh7 Rh8 28. Qg6 Rbg8 29. Rg7 Rxg7 30. Qxg7 Nxd4 31. Kh1 Rc8 32. Re1 Rc2 33. Bb4 Nf5 34. Qh7 Rxf2 35. Bxe7 Nxe7 36. Rb1 Rb2 37. Rc1 Qxa3 38. h4 Rxg2 39. Rc7+ Kxc7 40. Kxg2 Kd7 41. h5 Qb2+ 42. Kg1 Qc1+ 43. Kg2 Qg5+ 44. Kh2 Qxe5+ 45. Kg1 Qg3+ 46. Kf1 d4 47. h6 d3 48. Qh8 Qf3+ 49. Kg1 Qg4+ 50. Kh2 d2 51. Qc3 0-1

[Event "World Prestigious University 2019"]
[Site "Tianjin"]
[Date "2019.11.29"]
[Round "10.1"]
[White "TannerAustin, McNamara"]
[Black "Li, Ethan"]
[Result "1-0"]
[WhiteElo "1983"]
[BlackElo "2209"]
[PlyCount "71"]
[EventDate "2019.11.26"]
[EventType "team-tourn"]
[EventCountry "CHN"]
[TimeControl "1500+10"]
[WhiteClock "0:08:37"]
[BlackClock "0:03:11"]

1. d4 d5 2. c4 c6 3. Nf3 Nf6 4. Nc3 e6 5. cxd5 cxd5 6. Bf4 Nc6 7. e3 Nh5 8. Bg3 Nxg3 9. hxg3 a6 10. Rc1 b5 11. Bd3 h6 12. Kf1 Bb7 13. Ne2 Rc8 14. Nf4 Nb4 15. Rxc8 Qxc8 16. Bb1 Qc4+ 17. Kg1 Nxa2 18. Nd2 Qb4 19. Bxa2 Qxb2 20. Bb1 Bd6 21. Kh2 Ke7 22. Nd3 Qa3 23. Qb3 Qa5 24. Nf3 h5 25. Nc5 Bc8 26. Ne5 Qc7 27. Ncd3 h4 28. Rc1 hxg3+ 29. Kxg3 Qd8 30. Kf3 Kf8 31. Qc2 Bb7 32. Ke2 g6 33. Nf4 Kg7 34. Nexg6 Rh2 35. Ne5 a5 36. Nxe6+ 1-0

[Event "World Prestigious University 2019"]
[Site "Tianjin"]
[Date "2019.11.29"]
[Round "10.4"]
[White "Daniel, Karim Abbas"]
[Black "Bibby, Simon"]
[Result "1-0"]
[WhiteElo "2251"]
[BlackElo "2167"]
[PlyCount "55"]
[EventDate "2019.11.26"]
[EventType "team-tourn"]
[EventCountry "CHN"]
[TimeControl "1500+10"]
[WhiteClock "0:06:54"]
[BlackClock "0:09:41"]

1. e4 c5 2. Nf3 Nc6 3. Bb5 g6 4. Bxc6 dxc6 5. d3 Bg7 6. h3 Nf6 7. Nc3 Nd7 8. Be3 e5 9. O-O b6 10. Nh2 Nf8 11. f4 exf4 12. Rxf4 Ne6 13. Rf2 Nd4 14. Qd2 Be6 15. a4 Qd7 16. Raf1 c4 17. Nf3 Nxf3+ 18. Rxf3 cxd3 19. cxd3 Rd8 20. Bg5 Rc8 21. Bf6 Bxf6 22. Rxf6 Rd8 23. Qh6 Ke7 24. Kh1 Rdf8 25. Qg5 Ke8 26. d4 h6 27. Qe5 Kd8 28. d5 1-0

[Event "World Prestigious University 2019"]
[Site "Tianjin"]
[Date "2019.11.29"]
[Round "10.5"]
[White "Hirao, Satoshi"]
[Black "Mihov, Filip"]
[Result "0-1"]
[WhiteElo "1958"]
[BlackElo "2191"]
[PlyCount "114"]
[EventDate "2019.11.26"]
[EventType "team-tourn"]
[EventCountry "CHN"]
[TimeControl "1500+10"]
[WhiteClock "0:01:10"]
[BlackClock "0:00:22"]

1. e4 c5 2. Nf3 e6 3. d4 cxd4 4. Nxd4 Nf6 5. Nc3 Qb6 6. a3 Nc6 7. Be3 Ng4 8. Na4 Qa5+ 9. b4 Nxe3 10. bxa5 Nxd1 11. Nb5 Kd8 12. Rxd1 Nxa5 13. e5 b6 14. Be2 Bb7 15. O-O Bc6 16. Nac3 a6 17. Nd6 Bxd6 18. Rxd6 Kc7 19. Rfd1 Rhd8 20. f4 Nb7 21. R6d4 d6 22. Rb4 b5 23. Rdb1 dxe5 24. a4 a5 25. Nxb5+ Kd7 26. Rc4 Rdc8 27. fxe5 Bd5 28. Rf4 Ke7 29. c4 Bc6 30. Nd4 Ra7 31. Nxc6+ Rxc6 32. Rbf1 Nd8 33. Rb1 Rb7 34. Rb5 Rxb5 35. axb5 Rc5 36. Re4 Nb7 37. Kf2 a4 38. Ke1 Rc8 39. Re3 Nc5 40. Kd2 Ra8 41. Bf3 Rc8 42. Kc3 f6 43. exf6+ gxf6 44. Kb4 Nd7 45. Rc3 Kd6 46. Rd3+ Kc7 47. Bd1 Ne5 48. Rc3 Kd6 49. Bxa4 Nd7 50. Bc2 Nc5 51. Ra3 e5 52. Bxh7 Rh8 53. Rh3 e4 54. b6 e3 55. Kc3 Re8 56. Bd3 Nxd3 57. Kxd3 e2 0-1

[Event "World Prestigious University 2019"]
[Site "Tianjin"]
[Date "2019.11.29"]
[Round "10.7"]
[White "Grigory, Oparin"]
[Black "Wang, Yue"]
[Result "1/2-1/2"]
[WhiteElo "2660"]
[BlackElo "2674"]
[PlyCount "170"]
[EventDate "2019.11.26"]
[EventType "team-tourn"]
[EventCountry "CHN"]
[TimeControl "1500+10"]
[WhiteClock "0:00:56"]
[BlackClock "0:00:46"]

1. Nf3 d5 2. g3 Nf6 3. Bg2 e6 4. O-O c5 5. d4 Nc6 6. c4 dxc4 7. Qa4 Bd7 8. Qxc4 cxd4 9. Nxd4 Rc8 10. Nc3 Nxd4 11. Qxd4 Bc5 12. Qh4 h6 13. Bxb7 Rb8 14. Ne4 Be7 15. Ba6 Bc6 16. Nxf6+ Bxf6 17. Qc4 Qd5 18. Qxd5 Bxd5 19. a4 Bxb2 20. Rb1 Be5 21. Rxb8+ Bxb8 22. Ba3 f6 23. f3 Kf7 24. Bc5 Bc6 25. Rb1 Bxa4 26. Rb7+ Kg6 27. Bd3+ f5 28. Bd4 Rg8 29. Bc4 Bc6 30. Re7 Bd5 31. Bxd5 exd5 32. Rd7 h5 33. Kg2 a5 34. Rxd5 Re8 35. Kf1 Bc7 36. Bc3 Rd8 37. Rc5 Rd1+ 38. Kg2 Bd8 39. Bxa5 Bxa5 40. Rxa5 Kf6 41. Ra6+ Kf7 42. h4 Rb1 43. Kf2 Rb3 44. Rd6 g6 45. Rd3 Rb4 46. Ke3 Ke6 47. Rd4 Rb2 48. Ra4 Kf6 49. Ra6+ Kf7 50. Ra7+ Kf6 51. Ra6+ Kf7 52. Rc6 Ra2 53. Kd3 Ra4 54. e4 fxe4+ 55. fxe4 Ra1 56. Ke3 Ra3+ 57. Kf4 Rb3 58. Ra6 Rc3 59. Ra2 Rb3 60. Rf2 Kf6 61. Rf3 Rb1 62. e5+ Kg7 63. Re3 Rf1+ 64. Ke4 Ra1 65. Rd3 Kf7 66. Rd7+ Ke6 67. Rd6+ Kf7 68. Rd7+ Ke6 69. Rd6+ Kf7 70. Rf6+ Kg7 71. Rc6 Kf7 72. Rb6 Ra2 73. Kf4 Ra4+ 74. Kg5 Rg4+ 75. Kh6 Rxg3 76. Rf6+ Ke7 77. Rxg6 Re3 78. Rg5 Re4 79. Rxh5 Rg4 80. Kh7 Kf7 81. Rf5+ Ke6 82. Rg5 Rxh4+ 83. Kg7 Re4 84. Kg6 Rxe5 85. Rxe5+ Kxe5 1/2-1/2

[Event "World Prestigious University 2019"]
[Site "Tianjin"]
[Date "2019.11.29"]
[Round "10.8"]
[White "Li, Yankai"]
[Black "Dmitry, Gordievskiy"]
[Result "1-0"]
[WhiteElo "2432"]
[BlackElo "2590"]
[PlyCount "103"]
[EventDate "2019.11.26"]
[EventType "team-tourn"]
[EventCountry "CHN"]
[TimeControl "1500+10"]
[WhiteClock "0:00:25"]
[BlackClock "0:04:25"]

1. e4 c5 2. Nf3 Nc6 3. d4 cxd4 4. Nxd4 Nf6 5. Nc3 e5 6. Ndb5 d6 7. Bg5 a6 8. Na3 b5 9. Nd5 Be7 10. Bxf6 Bxf6 11. c3 O-O 12. Nc2 Bg5 13. a4 bxa4 14. Rxa4 a5 15. Bc4 Rb8 16. b3 Kh8 17. O-O f5 18. exf5 Bxf5 19. Nce3 Be6 20. Qd3 Qd7 21. Ra2 Qf7 22. Qe4 g6 23. h4 Bh6 24. g4 Qd7 25. g5 Bg7 26. f3 Bh3 27. Rff2 Bf5 28. Nxf5 gxf5 29. Qe3 Qe8 30. h5 Qxh5 31. Rh2 Qg6 32. Rxh7+ Qxh7 33. Rh2 Qxh2+ 34. Kxh2 Kh7 35. Nc7 Kg6 36. Qd3 Rh8+ 37. Kg2 Rbd8 38. Qd5 Kxg5 39. Ne6+ Kf6 40. Qxc6 Rdg8 41. Nc5 Rd8 42. Nb7 Rc8 43. Qxd6+ Kg5 44. Nc5 Bf6 45. Nd7 Bg7 46. Qe7+ Kh6 47. Qh4+ Kg6 48. Qg3+ Kh6 49. Nxe5 Bxe5 50. Qxe5 Kg5 51. f4+ Kh4 52. Qf6+ 1-0

[Event "World Prestigious University 2019"]
[Site "Tianjin"]
[Date "2019.11.29"]
[Round "10.9"]
[White "Wang, Nancy"]
[Black "Xiao, Yiyi"]
[Result "0-1"]
[WhiteElo "1823"]
[BlackElo "2306"]
[PlyCount "112"]
[EventDate "2019.11.26"]
[EventType "team-tourn"]
[EventCountry "CHN"]
[TimeControl "1500+10"]
[WhiteClock "0:01:43"]
[BlackClock "0:01:03"]

1. e4 e5 2. Nf3 Nc6 3. d4 exd4 4. Nxd4 Bc5 5. Be3 Qf6 6. c3 Nge7 7. Bc4 d6 8. O-O Ne5 9. Be2 Qg6 10. f3 O-O 11. Kh1 Bb6 12. a4 a5 13. Nd2 d5 14. Bf4 N5c6 15. Nb5 dxe4 16. fxe4 Bd7 17. Nxc7 Bxc7 18. Bxc7 f5 19. exf5 Bxf5 20. Bh5 Qg5 21. Bf4 Qh4 22. Bg3 Qg5 23. Bf4 Qf6 24. Qb3+ Kh8 25. Be2 Rad8 26. Rad1 Nd5 27. Qxb7 Nxf4 28. Rxf4 Qe5 29. Rf2 Qc5 30. Rff1 Rb8 31. Qa6 Rxb2 32. Bf3 Ne5 33. Qe2 Bd3 34. Qf2 Qxc3 35. Rfe1 h6 36. Qe3 Re8 37. Ne4 Qb4 38. Rg1 Bc2 39. Rde1 Nf7 40. Qc1 Bxa4 41. Bh5 Rxe4 42. Rxe4 Qxe4 43. Qxb2 Ne5 44. Qf2 Bc6 45. h3 Nd3 46. Qg3 Qd4 47. Bg6 Nf4 48. Bc2 Qxg1+ 49. Kxg1 Ne2+ 50. Kf2 Nxg3 51. Kxg3 Kg8 52. Kf2 Kf7 53. g3 Ke6 54. Ke3 Ke5 55. Bb3 a4 56. Bf7 Bd5 0-1

[Event "World Prestigious University 2019"]
[Site "Tianjin"]
[Date "2019.11.29"]
[Round "10.10"]
[White "Fernandez, Daniel Howard"]
[Black "Green, Michael L"]
[Result "0-1"]
[WhiteElo "2444"]
[BlackElo "2073"]
[PlyCount "124"]
[EventDate "2019.11.26"]
[EventType "team-tourn"]
[EventCountry "CHN"]
[TimeControl "1500+10"]
[WhiteClock "0:00:45"]
[BlackClock "0:01:08"]

1. e4 c5 2. Nf3 Nc6 3. Bb5 Nf6 4. e5 Nd5 5. O-O Nc7 6. Bxc6 dxc6 7. Re1 Bg4 8. h3 Bh5 9. d3 e6 10. Nbd2 Qd5 11. Qe2 Be7 12. g4 Bg6 13. Nc4 h5 14. Ne3 Qd7 15. g5 h4 16. Bd2 O-O-O 17. a3 f6 18. Ng2 Bf5 19. Kh2 fxg5 20. Bxg5 Bxg5 21. Nxg5 Qe7 22. Ne4 g5 23. Nd6+ Kb8 24. Ne3 Rdf8 25. b4 cxb4 26. axb4 Nd5 27. Nxd5 exd5 28. f3 Qe6 29. Qg2 Rhg8 30. b5 c5 31. b6 a6 32. Re3 Rg7 33. Nxf5 Qxf5 34. Qg4 Qxg4 35. hxg4 Rf4 36. e6 Re7 37. Ra5 Rb4 38. Rxc5 d4 39. Ree5 Rxb6 40. Rxg5 Rbxe6 41. Kh3 Re3 42. Rgf5 Rh7 43. Rcd5 Re2 44. Rxd4 Rxc2 45. Rh5 Rf7 46. f4 Rg7 47. Kxh4 Rh2+ 48. Kg3 Rxh5 49. g5 Rh1 50. Kg4 Kc7 51. Kf5 Rd7 52. Rc4+ Kd8 53. Kf6 Rxd3 54. g6 Rg1 55. Kf7 Rd7+ 56. Kf6 Rd6+ 57. Ke5 Rdxg6 58. f5 Re1+ 59. Kf4 Rc6 60. Rd4+ Ke7 61. Kg5 Rg1+ 62. Kf4 Kf6 0-1

[Event "World Prestigious University 2019"]
[Site "Tianjin"]
[Date "2019.11.29"]
[Round "10.11"]
[White "Zhong, Wei"]
[Black "Behar, Joshua"]
[Result "0-1"]
[WhiteElo "1804"]
[BlackElo "1974"]
[PlyCount "94"]
[EventDate "2019.11.26"]
[EventType "team-tourn"]
[EventCountry "CHN"]
[TimeControl "1500+10"]
[WhiteClock "0:01:23"]
[BlackClock "0:00:40"]

1. e4 e6 2. d4 d5 3. exd5 exd5 4. Bd3 Nf6 5. Nf3 Bd6 6. Qe2+ Be6 7. O-O O-O 8. Bg5 h6 9. Bh4 Re8 10. Ne5 c5 11. c3 Nc6 12. Nxc6 bxc6 13. Qd1 Rb8 14. dxc5 Bxc5 15. b3 Bd6 16. Kh1 Bd7 17. Nd2 c5 18. c4 d4 19. f3 g5 20. Bf2 Qc7 21. Bg1 Bc6 22. Qc2 Re7 23. Rae1 Rbe8 24. Rxe7 Qxe7 25. Bf5 Bf4 26. g3 Bxd2 27. Qxd2 Qe2 28. Qd3 g4 29. Qxe2 Rxe2 30. Bf2 Bxf3+ 31. Kg1 Rxa2 32. h3 h5 33. hxg4 hxg4 34. b4 cxb4 35. c5 Nd5 36. Re1 Rd2 37. Kf1 a5 38. c6 Kf8 39. Rc1 Nc7 40. Ra1 Ke7 41. Be1 Rb2 42. Rxa5 Kd6 43. Ra4 Nd5 44. c7 Ne3+ 45. Kg1 Rg2+ 46. Kh1 Rxg3+ 47. Kh2 Nf1# 0-1

[Event "World Prestigious University 2019"]
[Site "Tianjin"]
[Date "2019.11.29"]
[Round "10.13"]
[White "Theodorou, Nikolas"]
[Black "Kukhmazov, Arsen"]
[Result "1-0"]
[WhiteElo "2555"]
[BlackElo "2377"]
[PlyCount "77"]
[EventDate "2019.11.26"]
[EventType "team-tourn"]
[EventCountry "CHN"]
[TimeControl "1500+10"]
[WhiteClock "0:00:43"]
[BlackClock "0:04:13"]

1. e4 c6 2. Nf3 d5 3. d3 g6 4. e5 Bg7 5. d4 Bg4 6. Nbd2 e6 7. h3 Bxf3 8. Nxf3 c5 9. Bb5+ Nc6 10. O-O Qb6 11. c4 dxc4 12. Qa4 Nge7 13. dxc5 Qc7 14. Re1 O-O 15. Bxc6 Nxc6 16. Bf4 Rfd8 17. Qxc4 Rd5 18. b4 Rad8 19. Bg3 Nd4 20. Qc3 Nf5 21. Bf4 h6 22. Qc2 Nd4 23. Qe4 g5 24. Bg3 Qd7 25. h4 Nxf3+ 26. Qxf3 Rd3 27. Re3 Rd1+ 28. Rxd1 Qxd1+ 29. Qxd1 Rxd1+ 30. Kh2 gxh4 31. Bxh4 Rd4 32. Be7 Rd2 33. f4 Rxa2 34. Rd3 Rc2 35. b5 Rb2 36. c6 bxc6 37. bxc6 Rc2 38. Rd8+ Kh7 39. Rc8 1-0